Royaux vs Rafales
(R1)
Created - April 19, 2020 at 19:13
Goals
|
Royaux |
1 |
2 |
2 |
5 |
Rafales |
0 |
2 |
1 |
3 |
|
Shots
|
Royaux |
8 |
14 |
11 |
33 |
Rafales |
10 |
11 |
5 |
26 |
|
1st period
1. Royaux , Teuvo Teravainen 12 (Nathan Gerbe 35, Ben Hanowski 37) at 11:08
Penalties :
Carl Klingberg (Stf) for Hooking (Minor) at 5:41, Dylan McIlrath (Stf) for Goalie Interference (Minor) at 17:59
2nd period
2. Royaux , Brandon Pirri 19 (Haydn Fleury 15) at 0:30
3. Rafales , Ben Thomson 10 (Slater Koekkoek 11) at 13:22
4. Royaux , Ben Hanowski 20 (Dylan Larkin 53) at 16:59 (PP)
5. Rafales , Nathan Davis 33 (Andrew Shaw 82, Carl Klingberg 43) at 17:13
Penalties :
Danny Kristo (Cap) for Roughing (Minor) at 8:30, Slater Koekkoek (Stf) for Hooking (Minor) at 15:31, Julian Melchiori (Stf) for Tripping (Minor) at 19:20
3rd period
6. Royaux , Teuvo Teravainen 13 (Ben Hanowski 38, Gord Baldwin 19) at 3:40
7. Royaux , Ben Hanowski 21 (Marcus Pettersson 22, Teuvo Teravainen 7) at 11:29
8. Rafales , Chris Terry 22 (Brian Ferlin 29, Dylan McIlrath 23) at 13:52 (PP)
Penalties :
Bruno Gervais (Stf) for Roughing (Double Minor) at 3:51, Phil Oreskovic (Cap) for Hooking (Minor) at 13:19
Goalie Stats
Jean-Francois Berube (Cap), 23 saves from 26 shots - (0.885), W, 7-7-1, 60:00 minutes
Leland Irving (Stf), 28 saves from 33 shots - (0.848), L, 21-18-4, 60:00 minutes
Players Stats for Royaux
Player Name G A P +/- PIM S H SB GA TA FO MP PP MP PK MP
------------------------------------------------------------------------------------
Anton Slepyshev 0 0 0 1 0 0 2 0 0 0 0/0 10:42 0:00 0:06
Ben Hanowski 2 2 4 3 0 2 1 0 0 0 1/3 19:32 6:00 0:00
Brandon Pirri 1 0 1 1 0 2 1 0 0 0 0/0 12:16 0:20 0:59
Brendan Woods 0 0 0 1 0 0 3 2 0 1 2/5 12:54 0:20 1:41
Danny Kristo 0 0 0 -2 2 4 4 0 0 0 0/0 19:07 5:04 0:33
Dylan DeMelo 0 0 0 0 0 0 1 0 0 0 0/0 12:56 0:00 0:00
Dylan Larkin 0 1 1 -2 0 2 1 2 1 0 19/34 20:06 6:00 0:00
Gord Baldwin 0 1 1 4 0 1 2 1 0 2 0/0 21:42 4:46 1:43
Haydn Fleury 0 1 1 -1 0 0 0 0 0 3 0/0 19:09 0:00 1:43
Lukas Krajicek 0 0 0 -2 0 1 2 2 1 1 0/0 25:22 6:38 0:49
Marcus Pettersson 0 1 1 3 0 0 2 2 0 0 0/0 22:03 6:38 0:00
Marko Dano 0 0 0 -2 0 7 2 0 0 1 1/1 21:01 6:00 0:00
Nathan Gerbe 0 1 1 3 0 2 2 0 0 0 5/11 19:08 5:04 0:42
Nicholas Baptiste 0 0 0 0 0 0 0 0 0 0 0/0 8:43 0:19 0:00
Phil Oreskovic 0 0 0 0 2 2 1 4 0 0 0/0 18:47 4:46 0:49
Rourke Chartier 0 0 0 0 0 2 1 0 0 0 2/2 6:45 0:01 0:00
Sonny Milano 0 0 0 0 0 3 1 0 0 0 0/0 7:44 0:00 0:00
Teuvo Teravainen 2 1 3 3 0 5 3 0 1 0 1/1 19:29 5:04 1:03
Players Stats for Rafales
Player Name G A P +/- PIM S H SB GA TA FO MP PP MP PK MP
------------------------------------------------------------------------------------
Akim Aliu 0 0 0 0 0 0 0 0 0 0 0/0 0:19 0:00 0:00
Andrew Shaw 0 1 1 -1 0 5 1 0 0 0 2/4 23:22 1:30 6:24
Ben Johnson 0 0 0 0 0 0 0 0 0 0 0/0 0:00 0:00 0:00
Ben Sexton 0 0 0 0 0 0 0 0 1 0 0/0 1:26 0:00 0:58
Ben Thomson 1 0 1 0 0 1 0 0 0 0 0/0 8:02 0:00 0:00
Borna Rendulic 0 0 0 0 0 0 0 0 0 0 0/0 8:02 0:00 0:00
Brad Ross 0 0 0 0 0 0 1 0 0 0 0/0 1:11 0:00 1:11
Brian Ferlin 0 1 1 -1 0 0 0 1 1 0 0/0 15:33 1:02 3:32
Bruno Gervais 0 0 0 -2 4 0 2 3 0 1 0/0 26:37 1:33 4:30
Carl Klingberg 0 1 1 -1 2 0 3 0 1 0 7/11 22:17 1:30 5:23
Chris Terry 1 0 1 -1 0 2 3 0 0 0 0/1 11:37 1:02 0:00
Connor Murphy 0 0 0 -2 0 4 0 4 1 1 0/0 28:48 1:33 6:39
Dylan McIlrath 0 1 1 0 2 0 1 2 0 1 0/0 19:32 0:59 3:52
James Marcou 0 0 0 0 0 0 0 0 0 0 0/0 0:19 0:00 0:00
Jayson Megna 0 0 0 0 0 1 3 0 0 0 0/2 11:30 0:00 0:00
Joe Labate 0 0 0 0 0 0 0 0 0 0 0/0 8:02 0:00 0:00
Joey Laleggia 0 0 0 0 0 1 0 0 0 0 0/0 10:19 0:00 0:00
Julian Melchiori 0 0 0 0 2 0 0 2 1 0 0/0 19:08 0:59 3:45
Kevin Veilleux 0 0 0 -1 0 0 2 0 1 0 4/10 11:37 1:02 0:00
Maksim Mayorov 0 0 0 0 0 1 1 0 0 0 0/0 11:30 0:00 0:00
Nathan Davis 1 0 1 -1 0 6 1 0 0 0 13/28 20:31 1:30 3:32
Ryan Bourque 0 0 0 0 0 0 0 0 0 0 0/1 2:17 0:00 1:48
Slater Koekkoek 0 1 1 0 2 2 0 0 0 0 0/0 15:02 0:00 4:02
Tim Crowder 0 0 0 0 0 3 0 2 2 0 0/0 11:30 0:00 0:00
Tyrell Goulbourne 0 0 0 0 0 0 0 0 0 0 0/0 0:00 0:00 0:00
3 Stars
1 - Ben Hanowski (Cap)
2 - Teuvo Teravainen (Cap)
3 - Gord Baldwin (Cap)
Power Play
Royaux - 1 on 6 Attempt(s) - 16.67%
Rafales - 1 on 2 Attempt(s) - 50.00%
Penalty Kill
Royaux - 1 on 2 Attempt(s) - 50.00%
- Score 0 goal in Penalty Kill
Rafales - 5 on 6 Attempt(s) - 83.33%
- Score 0 goal in Penalty Kill
Team Stat
Royaux - Hits : 29 - Faceoff Wins : 31 - Blocked Shots : 13 - Penalty Minutes : 4
Rafales - Hits : 18 - Faceoff Wins : 26 - Blocked Shots : 14 - Penalty Minutes : 12
Official
Referees : Unknown
Linesman : Unknown
Game Notes
Rourke Chartier is injured at 8:42 of 3rd period (Strained Right Knee)
Finance
Level 1 -- Attendance: 1286 (64.30%) -- Ticket Income $51,440
Level 2 -- Attendance: 643 (64.30%) -- Ticket Income $12,860
Total Attendance: 1929 (64.30%)
Total Ticket Income: $64,300
Other Income: $3,215
Total Income: $67,515
Royaux
5 vs 5 Forward
Center Left Wing Right Wing Time % Phy DF OF
1 Dylan Larkin Marko Dano Danny Kristo 38 0 2 3
2 Nathan Gerbe Teuvo Teravainen Ben Hanowski 35 0 2 3
3 Brendan Woods Anton Slepyshev Brandon Pirri 17 0 2 3
4 Rourke Chartier Sonny Milano Nicholas Baptiste 10 0 2 3
5 vs 5 Defense
Defense Defense Time % Phy DF OF
1 Lukas Krajicek Haydn Fleury 40 0 3 2
2 Marcus Pettersson Gord Baldwin 30 0 3 2
3 Phil Oreskovic Dylan DeMelo 15 0 3 2
4 Phil Oreskovic Dylan DeMelo 15 0 3 2
PowerPlay Forward
Center Left Wing Right Wing Time % Phy DF OF
1 Dylan Larkin Marko Dano Ben Hanowski 60 0 1 4
2 Nathan Gerbe Teuvo Teravainen Danny Kristo 40 0 1 4
PowerPlay Defense
Defense Defense Time % Phy DF OF
1 Lukas Krajicek Marcus Pettersson 60 0 2 3
2 Phil Oreskovic Gord Baldwin 40 0 2 3
Penalty Kill 4 Players Forward
Center Wing Time % Phy DF OF
1 Brendan Woods Danny Kristo 60 0 4 1
2 Marko Dano Ben Hanowski 40 0 4 1
Penalty Kill 4 Players Defense
Defense Defense Time % Phy DF OF
1 Gord Baldwin Haydn Fleury 60 1 2 2
2 Phil Oreskovic Lukas Krajicek 40 1 2 2
Penalty Kill - 3 Players Forward
Forward Time % Phy DF OF
1 Brendan Woods 60 0 4 1
2 Ben Hanowski 40 0 4 1
Penalty Kill - 3 Players Defense
Defense Defense Time % Phy DF OF
1 Gord Baldwin Haydn Fleury 60 1 2 2
2 Phil Oreskovic Lukas Krajicek 40 1 2 2
4 vs 4 Forward
Center Wing Time % Phy DF OF
1 Nathan Gerbe Marko Dano 60 0 2 3
2 Dylan Larkin Teuvo Teravainen 40 0 2 3
4 vs 4 Defense
Defense Defense Time % Phy DF OF
1 Gord Baldwin Haydn Fleury 60 0 3 2
2 Marcus Pettersson Phil Oreskovic 40 0 3 2
Last Minutes Offensive
Center Left Wing Right Wing Defense Defense
Dylan Larkin Marko Dano Ben Hanowski Marcus Pettersson Phil Oreskovic
Last Minutes Defensive
Center Left Wing Right Wing Defense Defense
Marko Dano Brendan Woods Ben Hanowski Haydn Fleury Phil Oreskovic
Goaltenders
Starting : Jean-Francois Berube
Backup : Olivier Roy
Extra Forwards
Normal : Marko Dano, Dylan Larkin, Nathan Gerbe - PP : Nathan Gerbe, Brandon Pirri - PK : Brandon Pirri
Extra Defensemen
Normal : Haydn Fleury, Marcus Pettersson, Phil Oreskovic - PP : Haydn Fleury - PK : Marcus Pettersson, Dylan DeMelo
Penalty Shots
Dylan Larkin, Nathan Gerbe, Teuvo Teravainen, Sonny Milano, Marko Dano
Scratches
Vladislav Namestnikov (Healthy), Garrett Wilson (Healthy), Tanner Kero (Healthy), Greg McKegg (Healthy), Simon Despres (Lower Body Injury)
Konrad Abeltshauser (Healthy), Tomas Hyka (Healthy), Ian McCoshen (Healthy), Michael Bunting (Healthy), Ryan Mantha (Healthy)
Jack Ramsey (Healthy), Marcus Hogberg (Healthy), Igor Shesterkin (Healthy), Hayden Hawkey (Healthy)
Rafales
5 vs 5 Forward
Center Left Wing Right Wing Time % Phy DF OF
1 Nathan Davis Carl Klingberg Andrew Shaw 40 1 2 2
2 Kevin Veilleux Chris Terry Brian Ferlin 30 1 2 2
3 Jayson Megna Maksim Mayorov Tim Crowder 20 1 2 2
4 Joe Labate Ben Thomson Borna Rendulic 10 1 2 2
5 vs 5 Defense
Defense Defense Time % Phy DF OF
1 Bruno Gervais Connor Murphy 40 1 2 2
2 Julian Melchiori Dylan McIlrath 30 1 2 2
3 Joey Laleggia Slater Koekkoek 20 1 2 2
4 Bruno Gervais Connor Murphy 10 1 2 2
PowerPlay Forward
Center Left Wing Right Wing Time % Phy DF OF
1 Nathan Davis Carl Klingberg Andrew Shaw 60 1 2 2
2 Kevin Veilleux Chris Terry Brian Ferlin 40 1 2 2
PowerPlay Defense
Defense Defense Time % Phy DF OF
1 Bruno Gervais Connor Murphy 60 1 2 2
2 Julian Melchiori Dylan McIlrath 40 1 2 2
Penalty Kill 4 Players Forward
Center Wing Time % Phy DF OF
1 Carl Klingberg Andrew Shaw 60 1 2 2
2 Nathan Davis Brian Ferlin 40 1 2 2
Penalty Kill 4 Players Defense
Defense Defense Time % Phy DF OF
1 Bruno Gervais Connor Murphy 60 1 2 2
2 Julian Melchiori Dylan McIlrath 40 1 2 2
Penalty Kill - 3 Players Forward
Forward Time % Phy DF OF
1 Carl Klingberg 60 1 2 2
2 Andrew Shaw 40 1 2 2
Penalty Kill - 3 Players Defense
Defense Defense Time % Phy DF OF
1 Bruno Gervais Connor Murphy 60 1 2 2
2 Julian Melchiori Dylan McIlrath 40 1 2 2
4 vs 4 Forward
Center Wing Time % Phy DF OF
1 Carl Klingberg Andrew Shaw 60 1 2 2
2 Nathan Davis Brian Ferlin 40 1 2 2
4 vs 4 Defense
Defense Defense Time % Phy DF OF
1 Bruno Gervais Connor Murphy 60 1 2 2
2 Julian Melchiori Dylan McIlrath 40 1 2 2
Last Minutes Offensive
Center Left Wing Right Wing Defense Defense
Nathan Davis Carl Klingberg Andrew Shaw Bruno Gervais Connor Murphy
Last Minutes Defensive
Center Left Wing Right Wing Defense Defense
Nathan Davis Carl Klingberg Andrew Shaw Bruno Gervais Connor Murphy
Goaltenders
Starting : Leland Irving
Backup : Jake Allen
Extra Forwards
Normal : James Marcou, Akim Aliu, Ryan Bourque - PP : James Marcou, Akim Aliu - PK : Ryan Bourque
Extra Defensemen
Normal : Joey Laleggia, Slater Koekkoek, Julian Melchiori - PP : Joey Laleggia - PK : Slater Koekkoek, Julian Melchiori
Penalty Shots
Carl Klingberg, Andrew Shaw, Nathan Davis, Brian Ferlin, Tim Crowder
Scratches
David Broll (Healthy), Chris Driedger (Healthy), Sean Maguire (Healthy)
% Time on Ice - Royaux
Lines # - Real PCT - Wanted PCT - Time Play
Normal Forward
1 - 30% - 38% - 13:48
2 - 31% - 35% - 14:14
3 - 22% - 17% - 10:18
4 - 17% - 10% - 7:44
Normal Defense
1 - 40% - 40% - 18:25
2 - 32% - 30% - 14:43
3 - 15% - 15% - 6:57
4 - 13% - 15% - 5:59
PP Forward
1 - 56% - 60% - 6:20
2 - 44% - 40% - 5:04
PP Defense
1 - 58% - 60% - 6:38
2 - 42% - 40% - 4:46
PK Forward
1 - 100% - 60% - 2:32
2 - 0% - 40% - 0:00
PK Defense
1 - 68% - 60% - 1:43
2 - 32% - 40% - 0:49
PK3 Forward
1 - 0% - 60%
2 - 0% - 40%
PK3 Defense
1 - 0% - 60%
2 - 0% - 40%
44 Forward
1 - 0% - 60%
2 - 0% - 40%
44 Defense
1 - 0% - 60%
2 - 0% - 40%
Last Minute Offensive - 0:00
Last Minute Defensive - 0:00
Total
Forward - 60:00
Defense - 60:00
|
% Time on Ice - Rafales
Lines # - Real PCT - Wanted PCT - Time Play
Normal Forward
1 - 35% - 40% - 15:57
2 - 23% - 30% - 10:35
3 - 25% - 20% - 11:30
4 - 17% - 10% - 8:02
Normal Defense
1 - 42% - 40% - 19:27
2 - 32% - 30% - 14:36
3 - 22% - 20% - 10:19
4 - 4% - 10% - 1:42
PP Forward
1 - 59% - 60% - 1:30
2 - 41% - 40% - 1:02
PP Defense
1 - 61% - 60% - 1:33
2 - 39% - 40% - 0:59
PK Forward
1 - 69% - 60% - 7:52
2 - 31% - 40% - 3:32
PK Defense
1 - 62% - 60% - 7:07
2 - 38% - 40% - 4:17
PK3 Forward
1 - 0% - 60%
2 - 0% - 40%
PK3 Defense
1 - 0% - 60%
2 - 0% - 40%
44 Forward
1 - 0% - 60%
2 - 0% - 40%
44 Defense
1 - 0% - 60%
2 - 0% - 40%
Last Minute Offensive - 0:00
Last Minute Defensive - 0:00
Total
Forward - 60:00
Defense - 60:00
|
Play-by-Play
1st period
0:01 of 1st period - Dylan Larkin wins face-off versus Nathan Davis in neutral zone.
0:52 of 1st period - Snap shot by Jayson Megna.
0:52 of 1st period - Stopped by Jean-Francois Berube without a rebound.
0:53 of 1st period - Rourke Chartier wins face-off versus Jayson Megna in Royaux zone.
1:20 of 1st period - Dylan McIlrath is hit by Teuvo Teravainen and loses puck.
3:27 of 1st period - Icing by Marko Dano.
3:28 of 1st period - Dylan Larkin wins face-off versus Jayson Megna in Royaux zone.
4:04 of 1st period - Wrist shot by Dylan Larkin.
4:04 of 1st period - Shot Misses the Net.
4:06 of 1st period - Slapshot by Dylan DeMelo.
4:06 of 1st period - Shot Hit the Post.
4:16 of 1st period - Wrist shot by Marko Dano.
4:16 of 1st period - Shot Misses the Net.
4:18 of 1st period - Snap shot by Phil Oreskovic.
4:18 of 1st period - Stopped by Leland Irving without a rebound.
4:19 of 1st period - Nathan Davis wins face-off versus Nathan Gerbe in Rafales zone.
4:32 of 1st period - Wrist shot by Nathan Davis.
4:32 of 1st period - Shot Misses the Net.
4:49 of 1st period - Dylan McIlrath is hit by Anton Slepyshev and loses puck.
5:15 of 1st period - Julian Melchiori is hit by Sonny Milano and loses puck.
5:41 of 1st period - Minor Penalty to Carl Klingberg for Hooking.
5:42 of 1st period - Marko Dano wins face-off versus Ryan Bourque in Rafales zone.
6:13 of 1st period - Bruno Gervais is hit by Danny Kristo.
7:01 of 1st period - Nathan Gerbe is hit by Brad Ross.
7:41 of 1st period - Penalty to Carl Klingberg is over, Carl Klingberg is back on ice.
9:14 of 1st period - Julian Melchiori is hit by Marko Dano and loses puck.
9:25 of 1st period - Slapshot by Andrew Shaw.
9:25 of 1st period - Stopped by Jean-Francois Berube without a rebound.
9:26 of 1st period - Andrew Shaw wins face-off versus Brendan Woods in Royaux zone.
10:15 of 1st period - Snap shot by Maksim Mayorov.
10:15 of 1st period - Stopped by Jean-Francois Berube with a rebound.
10:17 of 1st period - Slapshot by Joey Laleggia.
10:17 of 1st period - Deflect By Lukas Krajicek.
10:17 of 1st period - Stopped by Jean-Francois Berube with a rebound.
10:37 of 1st period - Slapshot by Lukas Krajicek.
10:37 of 1st period - Stopped by Leland Irving without a rebound.
10:38 of 1st period - Rourke Chartier wins face-off versus Nathan Davis in Rafales zone.
10:48 of 1st period - Slapshot by Marcus Pettersson.
10:48 of 1st period - Deflect By Sonny Milano.
10:48 of 1st period - Stopped by Leland Irving with a rebound.
10:54 of 1st period - Wrist shot by Sonny Milano.
10:54 of 1st period - Stopped by Leland Irving without a rebound.
10:55 of 1st period - Nathan Gerbe wins face-off versus Kevin Veilleux in Rafales zone.
11:04 of 1st period - Snap shot by Teuvo Teravainen.
11:04 of 1st period - Shot Blocked by Brian Ferlin.
11:06 of 1st period - Wrist shot by Nathan Gerbe.
11:06 of 1st period - Shot Blocked by Bruno Gervais.
11:08 of 1st period - Slapshot by Teuvo Teravainen.
11:08 of 1st period - Goal by Teuvo Teravainen - Royaux : 1 - Rafales : 0.
11:09 of 1st period - Nathan Davis wins face-off versus Nathan Gerbe in neutral zone.
11:35 of 1st period - Gord Baldwin is hit by Kevin Veilleux and loses puck.
12:23 of 1st period - Joe Labate is hit by Gord Baldwin.
12:37 of 1st period - Wrist shot by Nathan Gerbe.
12:37 of 1st period - Stopped by Leland Irving without a rebound.
12:38 of 1st period - Nathan Davis wins face-off versus Ben Hanowski in Rafales zone.
12:57 of 1st period - Lukas Krajicek is hit by Carl Klingberg and loses puck.
13:14 of 1st period - Slapshot by Andrew Shaw.
13:14 of 1st period - Deflect By Nathan Davis.
13:14 of 1st period - Stopped by Jean-Francois Berube without a rebound.
13:15 of 1st period - Dylan Larkin wins face-off versus Chris Terry in Royaux zone.
14:11 of 1st period - Nathan Gerbe is hit by Jayson Megna and loses puck.
14:30 of 1st period - Wrist shot by Tim Crowder.
14:30 of 1st period - Stopped by Jean-Francois Berube with a rebound.
14:32 of 1st period - Slapshot by Tim Crowder.
14:32 of 1st period - Stopped by Jean-Francois Berube with a rebound.
14:34 of 1st period - Slapshot by Connor Murphy.
14:34 of 1st period - Deflect By Ben Hanowski.
14:34 of 1st period - Stopped by Jean-Francois Berube without a rebound.
14:35 of 1st period - Nathan Davis wins face-off versus Dylan Larkin in Royaux zone.
14:38 of 1st period - Slapshot by Nathan Davis.
14:38 of 1st period - Shot Blocked by Dylan Larkin.
14:40 of 1st period - Snap shot by Andrew Shaw.
14:40 of 1st period - Stopped by Jean-Francois Berube with a rebound.
14:42 of 1st period - Slapshot by Nathan Davis.
14:42 of 1st period - Stopped by Jean-Francois Berube without a rebound.
14:43 of 1st period - Nathan Davis wins face-off versus Dylan Larkin in Royaux zone.
14:52 of 1st period - Snap shot by Marko Dano.
14:52 of 1st period - Stopped by Leland Irving with a rebound.
15:08 of 1st period - Brian Ferlin is hit by Anton Slepyshev and loses puck.
16:03 of 1st period - Joey Laleggia is hit by Danny Kristo and loses puck.
16:14 of 1st period - Dylan DeMelo is hit by Chris Terry.
16:48 of 1st period - Borna Rendulic is hit by Teuvo Teravainen.
17:08 of 1st period - Snap shot by Danny Kristo.
17:08 of 1st period - Shot Blocked by Bruno Gervais.
17:10 of 1st period - Slapshot by Dylan Larkin.
17:10 of 1st period - Shot Blocked by Tim Crowder.
17:12 of 1st period - Snap shot by Danny Kristo.
17:12 of 1st period - Deflect By Dylan Larkin.
17:12 of 1st period - Stopped by Leland Irving with a rebound.
17:29 of 1st period - Wrist shot by Nicholas Baptiste.
17:29 of 1st period - Shot Blocked by Tim Crowder.
17:59 of 1st period - Minor Penalty to Dylan McIlrath for Goalie Interference.
18:00 of 1st period - Carl Klingberg wins face-off versus Ben Hanowski in Rafales zone.
18:05 of 1st period - Marko Dano is hit by Bruno Gervais and loses puck.
19:59 of 1st period - Penalty to Dylan McIlrath is over, Dylan McIlrath is back on ice.
Goals for this period are 1 for Royaux vs 0 for Rafales.
Shots for this period are 8 for Royaux vs 10 for Rafales.
2nd period
0:01 of 2nd period - Nathan Davis wins face-off versus Dylan Larkin in neutral zone.
0:08 of 2nd period - Nathan Davis is hit by Marko Dano and loses puck.
0:25 of 2nd period - Carl Klingberg is hit by Brandon Pirri and loses puck.
0:30 of 2nd period - Snap shot by Brandon Pirri.
0:30 of 2nd period - Goal by Brandon Pirri - Royaux : 2 - Rafales : 0.
0:31 of 2nd period - Nathan Davis wins face-off versus Dylan Larkin in neutral zone.
0:56 of 2nd period - Brian Ferlin is hit by Ben Hanowski and loses puck.
2:59 of 2nd period - Wrist shot by Sonny Milano.
2:59 of 2nd period - Stopped by Leland Irving with a rebound.
3:27 of 2nd period - Wrist shot by Joe Labate.
3:27 of 2nd period - Deflect By Borna Rendulic.
3:27 of 2nd period - Shot Misses the Net.
3:27 of 2nd period - Puck is out of play.
3:28 of 2nd period - Dylan Larkin wins face-off versus Andrew Shaw in Royaux zone.
3:37 of 2nd period - Slapshot by Carl Klingberg.
3:37 of 2nd period - Shot Misses the Net.
3:39 of 2nd period - Wrist shot by Nathan Davis.
3:39 of 2nd period - Shot Misses the Net.
3:41 of 2nd period - Slapshot by Carl Klingberg.
3:41 of 2nd period - Shot Misses the Net.
3:43 of 2nd period - Wrist shot by Carl Klingberg.
3:43 of 2nd period - Shot Blocked by Dylan Larkin.
4:39 of 2nd period - Andrew Shaw is hit by Rourke Chartier and loses puck.
4:46 of 2nd period - Haydn Fleury is hit by Carl Klingberg and loses puck.
5:40 of 2nd period - Tim Crowder is hit by Dylan DeMelo and loses puck.
6:09 of 2nd period - Snap shot by Danny Kristo.
6:09 of 2nd period - Deflect By Dylan Larkin.
6:09 of 2nd period - Stopped by Leland Irving without a rebound.
6:10 of 2nd period - Dylan Larkin wins face-off versus Andrew Shaw in Rafales zone.
7:19 of 2nd period - Wrist shot by Andrew Shaw.
7:19 of 2nd period - Stopped by Jean-Francois Berube with a rebound.
7:21 of 2nd period - Snap shot by Andrew Shaw.
7:21 of 2nd period - Stopped by Jean-Francois Berube with a rebound.
7:23 of 2nd period - Slapshot by Joey Laleggia.
7:23 of 2nd period - Shot Blocked by Lukas Krajicek.
7:25 of 2nd period - Backhand shot by Nathan Davis.
7:25 of 2nd period - Stopped by Jean-Francois Berube without a rebound.
7:26 of 2nd period - Dylan Larkin wins face-off versus Kevin Veilleux in Royaux zone.
7:51 of 2nd period - Andrew Shaw is hit by Nathan Gerbe and loses puck.
8:13 of 2nd period - Wrist shot by Andrew Shaw.
8:13 of 2nd period - Shot Misses the Net.
8:15 of 2nd period - Slapshot by Maksim Mayorov.
8:15 of 2nd period - Shot Misses the Net.
8:17 of 2nd period - Snap shot by Dylan McIlrath.
8:17 of 2nd period - Shot Misses the Net.
8:19 of 2nd period - Wrist shot by Tim Crowder.
8:19 of 2nd period - Stopped by Jean-Francois Berube without a rebound.
8:20 of 2nd period - Kevin Veilleux wins face-off versus Dylan Larkin in Royaux zone.
8:30 of 2nd period - Minor Penalty to Danny Kristo for Roughing.
8:31 of 2nd period - Brendan Woods wins face-off versus Nathan Davis in Royaux zone.
8:47 of 2nd period - Snap shot by Brendan Woods.
8:47 of 2nd period - Shot Blocked by Connor Murphy.
9:28 of 2nd period - Slapshot by Connor Murphy.
9:28 of 2nd period - Shot Misses the Net.
9:38 of 2nd period - Slapshot by Connor Murphy.
9:38 of 2nd period - Stopped by Jean-Francois Berube without a rebound.
9:39 of 2nd period - Brendan Woods wins face-off versus Nathan Davis in Royaux zone.
10:30 of 2nd period - Penalty to Danny Kristo is over, Danny Kristo is back on ice.
10:42 of 2nd period - Wrist shot by Danny Kristo.
10:42 of 2nd period - Stopped by Leland Irving without a rebound.
10:43 of 2nd period - Dylan Larkin wins face-off versus Kevin Veilleux in Rafales zone.
10:56 of 2nd period - Snap shot by Danny Kristo.
10:56 of 2nd period - Shot Blocked by Dylan McIlrath.
11:21 of 2nd period - Teuvo Teravainen is hit by Maksim Mayorov and loses puck.
11:36 of 2nd period - Wrist shot by Borna Rendulic.
11:36 of 2nd period - Shot Misses the Net.
11:46 of 2nd period - Ben Thomson is hit by Nathan Gerbe and loses puck.
12:06 of 2nd period - Off-side.
12:07 of 2nd period - Dylan Larkin wins face-off versus Nathan Davis in neutral zone.
12:14 of 2nd period - Snap shot by Danny Kristo.
12:14 of 2nd period - Stopped by Leland Irving with a rebound.
12:16 of 2nd period - Snap shot by Dylan Larkin.
12:16 of 2nd period - Shot Misses the Net.
12:18 of 2nd period - Snap shot by Dylan Larkin.
12:18 of 2nd period - Shot Blocked by Connor Murphy.
12:20 of 2nd period - Snap shot by Dylan Larkin.
12:20 of 2nd period - Shot Misses the Net.
12:22 of 2nd period - Snap shot by Marko Dano.
12:22 of 2nd period - Deflect By Danny Kristo.
12:22 of 2nd period - Stopped by Leland Irving with a rebound.
12:32 of 2nd period - Chris Terry is hit by Brendan Woods and loses puck.
12:41 of 2nd period - Slapshot by Connor Murphy.
12:41 of 2nd period - Stopped by Jean-Francois Berube with a rebound.
12:43 of 2nd period - Slapshot by Connor Murphy.
12:43 of 2nd period - Shot Blocked by Gord Baldwin.
13:20 of 2nd period - Snap shot by Slater Koekkoek.
13:20 of 2nd period - Stopped by Jean-Francois Berube with a rebound.
13:22 of 2nd period - Slapshot by Ben Thomson.
13:22 of 2nd period - Goal by Ben Thomson - Royaux : 2 - Rafales : 1.
13:23 of 2nd period - Nathan Davis wins face-off versus Dylan Larkin in neutral zone.
13:30 of 2nd period - Snap shot by Nathan Davis.
13:30 of 2nd period - Stopped by Jean-Francois Berube without a rebound.
13:31 of 2nd period - Nathan Davis wins face-off versus Dylan Larkin in Royaux zone.
13:34 of 2nd period - Wrist shot by Nathan Davis.
13:34 of 2nd period - Shot Misses the Net.
13:36 of 2nd period - Snap shot by Bruno Gervais.
13:36 of 2nd period - Deflect By Andrew Shaw.
13:36 of 2nd period - Shot Misses the Net.
13:36 of 2nd period - Puck is out of play.
13:37 of 2nd period - Dylan Larkin wins face-off versus Nathan Davis in Royaux zone.
13:37 of 2nd period - Dylan Larkin is hit by Andrew Shaw.
13:52 of 2nd period - Slapshot by Nathan Davis.
13:52 of 2nd period - Stopped by Jean-Francois Berube with a rebound.
14:02 of 2nd period - Bruno Gervais is hit by Lukas Krajicek and loses puck.
14:13 of 2nd period - Gord Baldwin is hit by Chris Terry and loses puck.
14:30 of 2nd period - Maksim Mayorov is hit by Marcus Pettersson and loses puck.
15:05 of 2nd period - Marcus Pettersson is hit by Dylan McIlrath and loses puck.
15:12 of 2nd period - Slapshot by Borna Rendulic.
15:12 of 2nd period - Shot Misses the Net.
15:14 of 2nd period - Slapshot by Julian Melchiori.
15:14 of 2nd period - Deflect By Ben Thomson.
15:14 of 2nd period - Shot Blocked by Marcus Pettersson.
15:14 of 2nd period - Puck is out of play.
15:15 of 2nd period - Nathan Gerbe wins face-off versus Nathan Davis in Royaux zone.
15:31 of 2nd period - Minor Penalty to Slater Koekkoek for Hooking.
15:32 of 2nd period - Dylan Larkin wins face-off versus Carl Klingberg in Rafales zone.
15:38 of 2nd period - Snap shot by Marko Dano.
15:38 of 2nd period - Stopped by Leland Irving without a rebound.
15:39 of 2nd period - Ben Hanowski wins face-off versus Carl Klingberg in Rafales zone.
15:42 of 2nd period - Backhand shot by Dylan Larkin.
15:42 of 2nd period - Shot Misses the Net.
15:44 of 2nd period - Slapshot by Lukas Krajicek.
15:44 of 2nd period - Shot Misses the Net.
15:46 of 2nd period - Slapshot by Lukas Krajicek.
15:46 of 2nd period - Shot Misses the Net.
15:48 of 2nd period - Wrist shot by Marko Dano.
15:48 of 2nd period - Deflect By Ben Hanowski.
15:48 of 2nd period - Shot Misses the Net.
15:48 of 2nd period - Puck is out of play.
15:49 of 2nd period - Carl Klingberg wins face-off versus Dylan Larkin in Rafales zone.
16:20 of 2nd period - Slapshot by Phil Oreskovic.
16:20 of 2nd period - Shot Misses the Net.
16:22 of 2nd period - Backhand shot by Danny Kristo.
16:22 of 2nd period - Shot Hit the Post.
16:43 of 2nd period - Icing by Ben Hanowski.
16:44 of 2nd period - Carl Klingberg wins face-off versus Nathan Gerbe in Royaux zone.
16:57 of 2nd period - Snap shot by Marko Dano.
16:57 of 2nd period - Stopped by Leland Irving without a rebound.
16:58 of 2nd period - Dylan Larkin wins face-off versus Nathan Davis in Rafales zone.
16:59 of 2nd period - Wrist shot by Ben Hanowski.
16:59 of 2nd period - Deflect By Nathan Davis.
16:59 of 2nd period - Goal by Ben Hanowski - Royaux : 3 - Rafales : 1.
17:00 of 2nd period - Dylan Larkin wins face-off versus Nathan Davis in neutral zone.
17:13 of 2nd period - Snap shot by Nathan Davis.
17:13 of 2nd period - Goal by Nathan Davis - Royaux : 3 - Rafales : 2.
17:14 of 2nd period - Dylan Larkin wins face-off versus Nathan Davis in neutral zone.
17:31 of 2nd period - Lukas Krajicek is hit by Bruno Gervais and loses puck.
18:26 of 2nd period - Snap shot by Rourke Chartier.
18:26 of 2nd period - Stopped by Leland Irving with a rebound.
18:28 of 2nd period - Wrist shot by Rourke Chartier.
18:28 of 2nd period - Stopped by Leland Irving with a rebound.
18:30 of 2nd period - Slapshot by Dylan DeMelo.
18:30 of 2nd period - Shot Blocked by Julian Melchiori.
18:32 of 2nd period - Backhand shot by Phil Oreskovic.
18:32 of 2nd period - Stopped by Leland Irving with a rebound.
18:41 of 2nd period - Off-side.
18:42 of 2nd period - Nathan Davis wins face-off versus Dylan Larkin in neutral zone.
18:48 of 2nd period - Icing by Gord Baldwin.
18:49 of 2nd period - Dylan Larkin wins face-off versus Nathan Davis in Royaux zone.
19:07 of 2nd period - Wrist shot by Marko Dano.
19:07 of 2nd period - Shot Blocked by Connor Murphy.
19:09 of 2nd period - Slapshot by Dylan Larkin.
19:09 of 2nd period - Shot Misses the Net.
19:11 of 2nd period - Slapshot by Marcus Pettersson.
19:11 of 2nd period - Deflect By Danny Kristo.
19:11 of 2nd period - Shot Blocked by Connor Murphy.
19:11 of 2nd period - Puck is out of play.
19:12 of 2nd period - Teuvo Teravainen wins face-off versus Kevin Veilleux in Rafales zone.
19:13 of 2nd period - Snap shot by Nathan Gerbe.
19:13 of 2nd period - Stopped by Leland Irving with a rebound.
19:15 of 2nd period - Slapshot by Haydn Fleury.
19:15 of 2nd period - Shot Blocked by Julian Melchiori.
19:17 of 2nd period - Slapshot by Teuvo Teravainen.
19:17 of 2nd period - Stopped by Leland Irving without a rebound.
19:18 of 2nd period - Kevin Veilleux wins face-off versus Nathan Gerbe in Rafales zone.
19:20 of 2nd period - Minor Penalty to Julian Melchiori for Tripping.
19:21 of 2nd period - Carl Klingberg wins face-off versus Dylan Larkin in Rafales zone.
19:29 of 2nd period - Slapshot by Marcus Pettersson.
19:29 of 2nd period - Shot Misses the Net.
19:31 of 2nd period - Wrist shot by Marcus Pettersson.
19:31 of 2nd period - Shot Misses the Net.
19:47 of 2nd period - Carl Klingberg is hit by Danny Kristo and loses puck.
Goals for this period are 2 for Royaux vs 2 for Rafales.
Shots for this period are 14 for Royaux vs 11 for Rafales.
3rd period
0:01 of 3rd period - Carl Klingberg wins face-off versus Dylan Larkin in neutral zone.
0:08 of 3rd period - Snap shot by Carl Klingberg.
0:08 of 3rd period - Shot Misses the Net.
0:10 of 3rd period - Snap shot by Bruno Gervais.
0:10 of 3rd period - Shot Blocked by Lukas Krajicek.
0:16 of 3rd period - Snap shot by Carl Klingberg.
0:16 of 3rd period - Shot Misses the Net.
0:26 of 3rd period - Connor Murphy is hit by Teuvo Teravainen and loses puck.
0:31 of 3rd period - Wrist shot by Teuvo Teravainen.
0:31 of 3rd period - Stopped by Leland Irving with a rebound.
0:33 of 3rd period - Slapshot by Gord Baldwin.
0:33 of 3rd period - Deflect By Teuvo Teravainen.
0:33 of 3rd period - Stopped by Leland Irving without a rebound.
0:34 of 3rd period - Dylan Larkin wins face-off versus Nathan Davis in Rafales zone.
0:39 of 3rd period - Snap shot by Dylan Larkin.
0:39 of 3rd period - Shot Misses the Net.
1:20 of 3rd period - Penalty to Julian Melchiori is over, Julian Melchiori is back on ice.
1:43 of 3rd period - Wrist shot by Bruno Gervais.
1:43 of 3rd period - Shot Misses the Net.
2:42 of 3rd period - Off-side.
2:43 of 3rd period - Kevin Veilleux wins face-off versus Dylan Larkin in neutral zone.
2:50 of 3rd period - Slapshot by Chris Terry.
2:50 of 3rd period - Stopped by Jean-Francois Berube with a rebound.
3:22 of 3rd period - Snap shot by Brandon Pirri.
3:22 of 3rd period - Stopped by Leland Irving with a rebound.
3:40 of 3rd period - Snap shot by Teuvo Teravainen.
3:40 of 3rd period - Deflect By Nathan Davis.
3:40 of 3rd period - Goal by Teuvo Teravainen - Royaux : 4 - Rafales : 2.
3:41 of 3rd period - Nathan Gerbe wins face-off versus Kevin Veilleux in neutral zone.
3:51 of 3rd period - Double Minor Penalty to Bruno Gervais for Roughing.
3:52 of 3rd period - Dylan Larkin wins face-off versus Carl Klingberg in Rafales zone.
4:00 of 3rd period - Wrist shot by Marko Dano.
4:00 of 3rd period - Stopped by Leland Irving without a rebound.
4:01 of 3rd period - Carl Klingberg wins face-off versus Dylan Larkin in Rafales zone.
4:58 of 3rd period - Wrist shot by Danny Kristo.
4:58 of 3rd period - Stopped by Leland Irving with a rebound.
5:07 of 3rd period - Off-side.
5:08 of 3rd period - Dylan Larkin wins face-off versus Nathan Davis in neutral zone.
5:11 of 3rd period - Snap shot by Marko Dano.
5:11 of 3rd period - Stopped by Leland Irving with a rebound.
5:13 of 3rd period - Slapshot by Marko Dano.
5:13 of 3rd period - Stopped by Leland Irving without a rebound.
5:14 of 3rd period - Dylan Larkin wins face-off versus Carl Klingberg in Rafales zone.
5:15 of 3rd period - Snap shot by Marko Dano.
5:15 of 3rd period - Stopped by Leland Irving without a rebound.
5:16 of 3rd period - Carl Klingberg wins face-off versus Dylan Larkin in Rafales zone.
6:35 of 3rd period - Teuvo Teravainen is hit by Nathan Davis and loses puck.
7:04 of 3rd period - Connor Murphy is hit by Lukas Krajicek.
7:41 of 3rd period - Dylan McIlrath is hit by Brendan Woods and loses puck.
7:51 of 3rd period - Penalty to Bruno Gervais is over, Bruno Gervais is back on ice.
8:05 of 3rd period - Dylan McIlrath is hit by Phil Oreskovic and loses puck.
8:41 of 3rd period - Rourke Chartier is hit by Kevin Veilleux and loses puck.
8:42 of 3rd period - Rourke Chartier from Royaux is injured at 8:42 of 3rd period (Strained Right Knee).
8:43 of 3rd period - Nathan Davis wins face-off versus Dylan Larkin in Royaux zone.
8:58 of 3rd period - Snap shot by Andrew Shaw.
8:58 of 3rd period - Stopped by Jean-Francois Berube without a rebound.
8:59 of 3rd period - Nathan Gerbe wins face-off versus Kevin Veilleux in Royaux zone.
9:24 of 3rd period - Bruno Gervais is hit by Danny Kristo and loses puck.
9:51 of 3rd period - Snap shot by Connor Murphy.
9:51 of 3rd period - Shot Misses the Net.
9:53 of 3rd period - Slapshot by Bruno Gervais.
9:53 of 3rd period - Shot Blocked by Marcus Pettersson.
9:55 of 3rd period - Slapshot by Connor Murphy.
9:55 of 3rd period - Stopped by Jean-Francois Berube without a rebound.
9:56 of 3rd period - Kevin Veilleux wins face-off versus Nathan Gerbe in Royaux zone.
10:22 of 3rd period - Julian Melchiori is hit by Dylan Larkin and loses puck.
10:48 of 3rd period - Haydn Fleury is hit by Jayson Megna and loses puck.
11:25 of 3rd period - Slapshot by Teuvo Teravainen.
11:25 of 3rd period - Shot Misses the Net.
11:27 of 3rd period - Slapshot by Marcus Pettersson.
11:27 of 3rd period - Shot Misses the Net.
11:29 of 3rd period - Snap shot by Ben Hanowski.
11:29 of 3rd period - Goal by Ben Hanowski - Royaux : 5 - Rafales : 2.
11:30 of 3rd period - Dylan Larkin wins face-off versus Nathan Davis in neutral zone.
11:43 of 3rd period - Marcus Pettersson is hit by Carl Klingberg and loses puck.
12:07 of 3rd period - Slapshot by Gord Baldwin.
12:07 of 3rd period - Stopped by Leland Irving with a rebound.
12:09 of 3rd period - Snap shot by Brandon Pirri.
12:09 of 3rd period - Shot Blocked by Bruno Gervais.
12:47 of 3rd period - Wrist shot by Joe Labate.
12:47 of 3rd period - Shot Blocked by Phil Oreskovic.
13:07 of 3rd period - Snap shot by Andrew Shaw.
13:07 of 3rd period - Shot Blocked by Brendan Woods.
13:09 of 3rd period - Wrist shot by Dylan McIlrath.
13:09 of 3rd period - Shot Misses the Net.
13:11 of 3rd period - Slapshot by Nathan Davis.
13:11 of 3rd period - Shot Blocked by Phil Oreskovic.
13:13 of 3rd period - Slapshot by Andrew Shaw.
13:13 of 3rd period - Shot Blocked by Phil Oreskovic.
13:19 of 3rd period - Minor Penalty to Phil Oreskovic for Hooking.
13:20 of 3rd period - Nathan Davis wins face-off versus Brendan Woods in Royaux zone.
13:45 of 3rd period - Brendan Woods is hit by Chris Terry and loses puck.
13:52 of 3rd period - Snap shot by Chris Terry.
13:52 of 3rd period - Goal by Chris Terry - Royaux : 5 - Rafales : 3.
13:53 of 3rd period - Andrew Shaw wins face-off versus Nathan Gerbe in neutral zone.
15:09 of 3rd period - Wrist shot by Ben Hanowski.
15:09 of 3rd period - Shot Blocked by Dylan McIlrath.
15:11 of 3rd period - Snap shot by Marcus Pettersson.
15:11 of 3rd period - Shot Misses the Net.
15:29 of 3rd period - Nathan Davis is hit by Marcus Pettersson.
16:05 of 3rd period - Slapshot by Tim Crowder.
16:05 of 3rd period - Shot Misses the Net.
16:07 of 3rd period - Wrist shot by Tim Crowder.
16:07 of 3rd period - Shot Blocked by Brendan Woods.
16:09 of 3rd period - Slapshot by Dylan McIlrath.
16:09 of 3rd period - Shot Misses the Net.
16:11 of 3rd period - Snap shot by Dylan McIlrath.
16:11 of 3rd period - Shot Blocked by Phil Oreskovic.
16:33 of 3rd period - Phil Oreskovic is hit by Jayson Megna and loses puck.
16:49 of 3rd period - Icing by Phil Oreskovic.
16:50 of 3rd period - Nathan Davis wins face-off versus Brendan Woods in Royaux zone.
18:18 of 3rd period - Chris Terry is hit by Gord Baldwin and loses puck.
18:27 of 3rd period - Slapshot by Slater Koekkoek.
18:27 of 3rd period - Stopped by Jean-Francois Berube with a rebound.
18:29 of 3rd period - Wrist shot by Kevin Veilleux.
18:29 of 3rd period - Shot Misses the Net.
19:27 of 3rd period - Brian Ferlin is hit by Brendan Woods and loses puck.
19:54 of 3rd period - Icing by Julian Melchiori.
19:55 of 3rd period - Nathan Gerbe wins face-off versus Nathan Davis in Rafales zone.
Goals for this period are 2 for Royaux vs 1 for Rafales.
Shots for this period are 11 for Royaux vs 5 for Rafales.
Back to the Top